 Dungeon Crawl Stone Soup version 0.29-a0-598-gd8304a5bf4 (console) character file.

Game seed: 3907161577249670985

1 om the Insei (level 1, 0/15 HPs)
             Began as a Merfolk Transmuter on June 15, 2022.
             Succumbed to an adder's poison
             ... on level 2 of the Dungeon.
             The game lasted 00:00:24 (99 turns).

om the Insei (Merfolk Transmuter)                     Turns: 99, Time: 00:00:25

Health: 0/15       AC:  2    Str: 10    XL:     1   Next: 20%
Magic:  3/3        EV: 12    Int: 12    God:
Gold:   19         SH:  0    Dex: 14    Spells: 3/4 levels left

rFire   . . .      SeeInvis .     - Unarmed
rCold   . . .      Faith    .   (no shield)
rNeg    . . .      Spirit   .   a - +0 robe
rPois   .          Reflect  .   (helmet currently unavailable)
rElec   .          Harm     .   (no cloak)
rCorr   .          Rampage  .   (no gloves)
Will    .....                   (boots currently unavailable)
Stlth   +.........              (no amulet)
HPRegen 0.05/turn               (no ring)
MPRegen 0.08/turn               (no ring)

@: lethally poisoned (0 -> -1), appendages (expiring)
A: horns 2, (nimble swimmer 2), mertail
a: End Transformation


You were on level 2 of the Dungeon.
You had temporarily grown beastly horns.
You visited 1 branch of the dungeon, and saw 2 of its levels.

You collected 19 gold pieces.

Inventory:

Armour
 a - a +0 robe (worn)
Potions
 b - a potion of lignification
 c - a potion of magic


   Skills:
 + Level 1.1 Fighting
 + Level 2.7 Dodging
 + Level 3.3 Unarmed Combat
 + Level 2.0 Spellcasting
 + Level 2.7 Transmutations


You had 3 spell levels left.
You knew the following spells:

 Your Spells              Type           Power      Damage    Failure   Level
a - Beastly Appendage     Tmut           14%        N/A       9%          1

Your spell library contained the following spells:

 Spells                   Type           Power      Damage    Failure   Level
 Wereblood                Tmut           7%         N/A       14%         2
 Spider Form              Tmut/Pois      4%         N/A       43%         3
 Ice Form                 Ice/Tmut       4%         N/A       83%         4


Dungeon Overview and Level Annotations

Branches:
Dungeon (1/15)

Altars:


Innate Abilities, Weirdness & Mutations

You have temporarily grown beastly horns.
((You are very nimble when in or above water. (Stealth+, EV+, Speed+++)))
Your lower body shifts to a powerful aquatic tail in water.


Message History

You grow a pair of large bovine horns.
Your transformation is almost over.
You hit the quokka. Your headbutt misses the quokka.
The quokka is severely wounded.
The quokka barely misses you.
You barely miss the quokka. You headbutt the quokka.
You kill the quokka!
No target in view!
You see here a quokka corpse.
Your horns disappear.
Magic restored.
You now have 10 gold pieces.
You now have 19 gold pieces (gained 9).
An adder comes into view.
An adder is nearby!
Found a scroll labelled TAG RETZUONENA.
You grow a pair of large bovine horns.
The adder hisses angrily.
The adder bites you but does no damage.
You completely miss the adder. The adder bites you.
You hit the adder but do no damage. The adder barely misses you.
You hit the adder.
The adder is lightly wounded.
The adder bites you. x2
You are poisoned.
The adder poisons you!
You hit the adder. Your headbutt misses the adder.
The adder is heavily wounded.
Your transformation is almost over.
You feel sick. The adder closely misses you.
You are too injured to fight recklessly!
You miss the adder.
The adder is heavily wounded.
You feel sick. The adder barely misses you.
You hit the adder.
The adder is almost dead.
You feel sick. The adder bites you.
* * * LOW HITPOINT WARNING * * *
It was a potion of magic.
Magic courses through your body.
You die...

.#.. #... #?.#
..#.# ..#.# #.#.#
#S#.# #@#.#
########...#
#.....##..##
#.....##..#
#.....##..#
#.....##.##
#........########
#.....##.........
#........†.......


You could see an adder.

Vanquished Creatures
  A quokka (D:2)
1 creature vanquished.

Notes
Turn   | Place    | Note
-------+----------+-------------------------------------------
     0 | D:1      | om the Merfolk Transmuter began the quest for the Orb.
     0 | D:1      | Reached XP level 1. HP: 15/15 MP: 3/3
    46 | D:1      | You fall into a shaft and drop 1 floor!
    99 | D:2      | Succumbed to an adder's poison

Illustrated notes

Levels and vault maps discovered:
D:1:      roderic_chinese_lattice_arrival, layout_rooms
D:2:      layout_rooms, basic_altar

Action                   || total
-------------------------++-------
Melee: Unarmed           ||     8
       Headbutt          ||     1
 Cast: Beastly Appendage ||     2
  Use: Potion            ||     1
Armor: Robe              ||     1
Dodge: Dodged            ||     4

Table legend: (Time is in decaauts)
 A = Elapsed time spent in this place.
 B = Non-inter-level travel time spent in this place.
 C = Inter-level travel time spent in this place.
 D = Time resting spent in this place.
 E = Time spent auto-exploring this place.
 F = Levels seen in this place.
 G = Mean time per level.
                   A        B        C        D        E       F      G
               +--------+--------+--------+--------+--------+-----+--------+
         Total |     98 |     98 |      0 |      0 |     70 |   2 |   49.0 |
       Dungeon |     98 |     98 |      0 |      0 |     70 |   2 |   49.0 |
               +--------+--------+--------+--------+--------+-----+--------+

Top non-repeatable levels by time:
     D:2: 52 daAuts
     D:1: 46 daAuts
